 Dungeon Sprint DCSS version 0.31-a0-370-g25055926c8 (webtiles) character file.

Game seed: 491161455258577804

277 Conn the Firebug (level 6, 0/38 HPs)
             Began as an Octopode Fire Elementalist on July 29, 2023.
             Was a Follower of Sif Muna.
             Slain by a wandering mushroom (10 damage)
             ... in the Dungeon (Sprint IV: "Fedhas' Mad Dash").
             The game lasted 00:04:43 (522 turns).

Conn the Firebug (Octopode Fire Elementalist)        Turns: 522, Time: 00:04:44

Health: 0/38       AC:  1    Str:  8    XL:     6   Next: 25%
Magic:  15/15      EV: 14    Int: 19    God:    Sif Muna [*.....]
Gold:   59         SH:  0    Dex: 12    Spells: 8/18 levels left

rFire   . . .        (no weapon)
rCold   . . .        (no shield)
rNeg    . . .        (helmet restricted)
rPois   .            b - amulet of invisibility {+Inv}
rElec   .            (no ring)
rCorr   .            (no ring)
SInv    .            (no ring)
Will    .....        (no ring)
Stlth   ++           (no ring)
HPRegen 0.26/turn    (no ring)
MPRegen 0.14/turn    (no ring)
                     (no ring)

%: no teleportation
@: confused, ambrosia-drunk, very slightly contaminated, hasted, invisible
(expiring), very quick
A: almost no armour, amphibious, 8 rings, camouflage 1, gelatinous body 1,
(nimble swimmer 1), tentacles
a: Renounce Religion, Evoke Invisibility, Channel Magic


You were in the Dungeon.
You worshipped Sif Muna.
Sif Muna was aware of your devotion.
You visited 1 branch You collected 59 gold pieces.

Inventory:

Jewellery
 b - the amulet of invisibility (around mantle) {+Inv}
   (You found it in the Dungeon)

   [amulet of nothing]

   +Inv:      It lets you turn invisible.
Scrolls
 e - 2 scrolls of butterflies
 f - a scroll of blinking
Potions
 a - 3 potions of magic
 d - a potion of haste
 h - a potion of might {unknown}


   Skills:
 + Level 1.3 Fighting
 + Level 3.8 Dodging
 + Level 4.6 Stealth
 * Level 6.9 Spellcasting
 * Level 4.6 Conjurations
 + Level 0.5 Hexes
 + Level 7.6 Fire Magic
 * Level 1.7 Invocations
 - Level 3.0 Evocations


You had 8 spell levels left.
You knew the following spells:

 Your Spells              Type           Power      Damage    Failure   Level
a - Foxfire               Conj/Fire      100%       2x1d9     1%          1
b - Scorch                Fire           70%        2d7       1%          2
c - Inner Flame           Hex/Fire       22%        N/A       5%          3
d - Flame Wave            Conj/Fire      29%        2d9       9%          4

Your spell library contained the following spells:

 Spells                   Type           Power      Damage    Failure   Level
 Volatile Blastmotes      Fire/Tloc      42%        2d13      6%          3


Dungeon Overview and Level Annotations

Branches:
Dungeon (1/1)

Altars:
Cheibriados
Dithmenos
Elyvilon
Gozag
Hepliaklqana
Kikubaaqudgha
Makhleb
Nemelex Xobeh
Okawaru
Qazlal
Ru
Sif Muna
Trog
Uskayaw
Vehumet
Wu Jian
Xom
Yredelemnul
Zin
The Shining One
Jiyva
Lugonu

Shops:
D ?=


Innate Abilities, Weirdness & Mutations

You cannot wear most types of armour.
You are amphibious.
You can wear up to eight rings at the same time.
Your skin changes colour to match your surroundings (Stealth+).
Your rubbery body absorbs attacks. (AC +1, EV +1)
((You are camouflaged when in or above water. (Stealth+)))
You have tentacles for arms and can constrict up to eight enemies at once.


Message History

You flicker for a moment.
The wandering mushroom releases spores at you.
You are engulfed in a cloud of dizzying spores!
Unknown command.
You tentacle-slap the wandering mushroom but do no damage.
The wandering mushroom is severely damaged.
The wandering mushroom closely misses you.
Unknown command.
You tentacle-slap the wandering mushroom but do no damage.
You squeeze the wandering mushroom, but do no damage.
The wandering mushroom is severely damaged.
You feel less confused.
The wandering mushroom releases spores at you!
* * * LOW HITPOINT WARNING * * *
You are engulfed in a cloud of dizzying spores!
You are confused.
It was a potion of ambrosia.
You are more confused.
You feel invigorated.
The wandering mushroom releases spores at you.
* * * LOW HITPOINT WARNING * * *
You are engulfed in a cloud of dizzying spores!
Unknown command.
Unknown command.
Unknown command.
Okay, then.
Unknown command.
Unknown command.
You feel yourself speed up.
The wandering mushroom releases spores at you.
* * * LOW HITPOINT WARNING * * *
You are engulfed in a cloud of dizzying spores!
You are more confused.
The wandering mushroom closely misses you.
Unknown command.
You tentacle-slap the wandering mushroom but do no damage.
You squeeze the wandering mushroom.
The wandering mushroom is severely damaged.
The wandering mushroom releases spores at you!
You die...

################### #
._._._._.⌠.#..)...# .#
_._._._._..'..#..f# .P+
._._._._...#..###'##.s[#
_._._._._..#..##@f.'...#
._._._._.⌠.#############
############


You could see 2 wandering mushrooms and a scorpion (wandering, unable to see
you).

Vanquished Creatures
  2 scorpions (D)
  3 oklob saplings (D)
  2 spriggans (D)
  A river rat (D)
  A rat (D)
9 creatures vanquished.

Vanquished Creatures (others)
  23 foxfires (D)
23 creatures vanquished.

Grand Total: 32 creatures vanquished

Notes
Turn   | Place    | Note
-------+----------+-------------------------------------------
     0 | D        | Conn the Octopode Fire Elementalist began the quest for the
                  | Orb.
     0 | D        | Reached XP level 1. HP: 11/11 MP: 3/3
    12 | D        | Reached skill level 4 in Fire Magic
    12 | D        | Reached XP level 2. HP: 3/17 MP: 0/5
    76 | D        | Noticed an oklob sapling
    79 | D        | Noticed a scorpion
    79 | D        | Found the amulet of invisibility {+Inv}
    90 | D        | Killed a scorpion
    91 | D        | Reached skill level 5 in Fire Magic
    91 | D        | Reached XP level 3. HP: 19/22 MP: 0/8
    91 | D        | Reached XP level 4. HP: 23/27 MP: 0/10
   189 | D        | Learned a level 2 spell: Scorch
   190 | D        | Reached skill level 6 in Fire Magic
   198 | D        | Learned a level 3 spell: Inner Flame
   203 | D        | Learned a level 4 spell: Flame Wave
   222 | D        | Found an opulent altar of Gozag.
   222 | D        | Found a hazy altar of Hepliaklqana.
   222 | D        | Found a burning altar of Makhleb.
   222 | D        | Found a sparkling altar of Nemelex Xobeh.
   222 | D        | Found a snail-covered altar of Cheibriados.
   222 | D        | Found a sacrificial altar of Ru.
   222 | D        | Found a shimmering blue altar of Sif Muna.
   222 | D        | Found a shimmering altar of Xom.
   222 | D        | Found a basalt altar of Yredelemnul.
   223 | D        | Found a viscous altar of Jiyva.
   223 | D        | Found a bloodstained altar of Trog.
   223 | D        | Found an ornate altar of the Wu Jian Council.
   223 | D        | Noticed an oklob sapling priest
   224 | D        | Found an iron altar of Okawaru.
   224 | D        | Found a shadowy altar of Dithmenos.
   224 | D        | Found a glowing silver altar of Zin.
   225 | D        | Found a hide-covered altar of Uskayaw.
   225 | D        | Found an ancient bone altar of Kikubaaqudgha.
   226 | D        | Found a glowing golden altar of the Shining One.
   226 | D        | Found a stormy altar of Qazlal.
   226 | D        | Found a white marble altar of Elyvilon.
   227 | D        | Found a radiant altar of Vehumet.
   227 | D        | Found a corrupted altar of Lugonu.
   229 | D        | Became a worshipper of Sif Muna the Loreminder
   262 | D        | Killed an oklob sapling priest
   263 | D        | Reached skill level 1 in Fighting
   263 | D        | Reached skill level 5 in Spellcasting
   263 | D        | Reached skill level 1 in Evocations
   263 | D        | Reached XP level 5. HP: 33/33 MP: 2/12
   350 | D        | Reached skill level 7 in Fire Magic
   430 | D        | Reached * piety under Sif Muna
   438 | D        | Reached skill level 1 in Invocations
   438 | D        | Reached XP level 6. HP: 35/38 MP: 6/15
   444 | D        | Found Jeofic's Jewellery Shop.
   444 | D        | Found Ucheen's Magic Scroll Emporium.
   507 | D        | Noticed a burning bush
   507 | D        | Noticed a wandering mushroom
   507 | D        | Noticed a wandering mushroom
   513 | D        | HP: 1/38 [wandering mushroom (15)]
   522 | D        | Slain by a wandering mushroom

Illustrated notes

Levels and vault maps discovered:
D:        dungeon_sprint_fedhas [sprint_temple]

Skill      XL: |  1  2  3  4  5 |
---------------+----------------+-----
Stealth        | 3 4 |  4.6
Fire Magic     | 4 5 6 7 |  7.6
Dodging        | 3 |  3.8
Spellcasting   | 4 5 6 |  6.9
Conjurations   | 2 3 4 |  4.6
Fighting       | 1 |  1.3
Evocations     | 1 3 |  3.0
Invocations    | 1 |  1.7
Hexes          | |  0.5

Action                     |  1- 3 |  4- 6 || total
---------------------------+-------+-------++-------
  Melee: Unarmed           |     8 |     5 ||    13
         Constrict         |     2 |       ||     2
         Tentacles         |     1 |     3 ||     4
   Cast: Foxfire           |     7 |     5 ||    12
         Scorch            |       |     8 ||     8
         Inner Flame       |       |     2 ||     2
         Flame Wave        |       |     3 ||     3
Ability: Evoke Invisibilit |       |     6 ||     6
    Use: Potion            |     2 |     4 ||     6
         Scroll            |       |     1 ||     1
 Armour: Skin              |     1 |       ||     1
  Dodge: Dodged            |     5 |     8 ||    13

Table legend: (Time is in decaauts)
 A = Elapsed time spent in this place.
 B = Non-inter-level travel time spent in this place.
 C = Inter-level travel time spent in this place.
 D = Time resting spent in this place.
 E = Time spent auto-exploring this place.
 F = Levels seen in this place.
 G = Mean time per level.
                   A        B        C        D        E       F      G
               +--------+--------+--------+--------+--------+-----+--------+
         Total |    527 |    527 |      0 |    318 |      0 |   1 |  527.0 |
       Dungeon |    527 |    527 |      0 |    318 |      0 |   1 |  527.0 |
               +--------+--------+--------+--------+--------+-----+--------+

Top non-repeatable levels by time:
       D: 527 daAuts
